 Dungeon Crawl Stone Soup version 0.31.0 (webtiles) character file.

Game seed: 8199052112396502866

69 puppykicker the Chopper (level 4, 0/35 HPs)
             Began as a Formicid Cinder Acolyte on Jan 19, 2024.
             Was a High Priest of Ignis.
             Slain by an orc priest
             ... wielding a +1 heavy hand axe
              (8 damage)
             ... on level 2 of the Dungeon.
             The game lasted 00:05:11 (1981 turns).

puppykicker the Chopper (Formicid Cinder Acolyte)   Turns: 1981, Time: 00:05:12

Health: 0/35       AC:  6    Str: 21    XL:     4   Next: 42%
Magic:  5/5        EV: 10    Int: 13    God:    Ignis [*****.]
Gold:   97         SH:  0    Dex:  9    Spells: 3/5 levels left

rFire   + . .        a - +0 hand axe (flame)
rCold   . . .        (no shield)
rNeg    . . .        c - +1 ring mail
rPois   .            (helmet unavailable)
rElec   .            (no cloak)
rCorr   .            (no gloves)
SInv    +            (no boots)
Will    .....        (no amulet) Stlth
                     (no ring)
HPRegen 0.25/turn    (no ring)
MPRegen 0.09/turn

%: no passive effects
@: no status effects
A: permanent stasis, dig shafts and tunnels, antennae 3, four strong arms
a: Dig, Shaft Self, Renounce Religion, Fiery Armour, Foxfire Swarm, Rising Flame


You were on level 2 of the Dungeon.
You worshipped Ignis.
Ignis was extremely pleased with you.
You visited 1 branch of the dungeon, and saw 3 of its levels.

You collected 97 gold pieces.

Inventory:

Hand Weapons
 a - a +0 hand axe of flaming (weapon)
 b - a +0 sling
Missiles
 e - 6 silver javelins (quivered)
 F - 3 poisoned darts
Armour
 c - a +1 ring mail (worn)
Wands
 l - a wand of flame (14)
Scrolls
 m - a scroll of amnesia {unknown}
Potions
 f - a potion of heal wounds
 g - 2 potions of experience {unknown}
 h - a potion of might {unknown}
 i - a potion of degeneration {unknown}
 j - a potion of attraction {unknown}
 k - a potion of brilliance {unknown}


   Skills:
 - Level 3.2 Fighting
 + Level 4.9 Axes
 - Level 1.1 Spellcasting
 - Level 3.0 Fire Magic


You had 3 spell levels left.
You knew the following spells:

 Your Spells              Type           Power      Damage    Failure   Level
a - Scorch                Fire           16%        2d5       21%         2

Your spell library contained the following spells:

 Spells                   Type           Power      Damage    Failure   Level
 Sandblast                Erth           0%         2d4       43%         1
 Inner Flame              Hex/Fire       4%         N/A       58%         3
 Passwall                 Erth           0%         N/A       80%         3
 Stone Arrow              Conj/Erth      0%         3d7       80%         3
 Brom's Barrelling Bould  Conj/Erth      0%         2d3       99%         4
 Irradiate                Conj/Alch      0%         3d11      100%        5
 Ignition                 Fire           4%         3d4       100%        8


Dungeon Overview and Level Annotations

Branches:
Dungeon (3/15)

Altars:
Gozag
Nemelex Xobeh

Shops:
D:2 [


Innate Abilities, Weirdness & Mutations

You cannot be hasted, slowed, berserked, paralysed or teleported.
You can dig through walls and to a lower floor.
You have a pair of large antennae on your head. (SInv)
Your four strong arms can wield two-handed weapons with a shield.


Message History

Unknown command.
There is a stone staircase leading down, spattered with blood here.
You start resting.
HP restored.
Health restored: 35 You climb downwards.
The ribbon worm expels a string of sticky webbing.
The stream of webbing hits you but does no damage.
You are caught in a web!
There is a stone staircase leading up here.
Unknown command.
The orc priest hits you with a +1 heavy hand axe!
You climb upwards.
There is a stone staircase leading down, spattered with blood here.
You take 7 damage, and have 28/35 hp.
You closely miss the orc priest.
The orc priest calls down the wrath of Beogh upon you.
Beogh smites you!
* * * LOW HITPOINT WARNING * * *
You take 13 damage, and have 15/35 hp.
MASSIVE DAMAGE!!
You slash the orc priest! You burn the orc priest.
The orc priest is almost dead.
The orc priest barely misses you.
Unknown command.
You barely miss the orc priest.
The orc priest is almost dead.
Unknown command.
You hit the orc priest but do no damage.
The orc priest is almost dead.
The orc priest hits you with a +1 heavy hand axe!
* * * LOW HITPOINT WARNING * * *
You take 8 damage, and have 7/35 hp.
MASSIVE DAMAGE!!
Aiming: Throw Flame
Press: ? - help, Shift-Dir - straight line, f - orc priest
Aim: an orc priest, wielding a +1 heavy hand axe and wearing a +0 leather armour (almost dead, 68% to hit)
The puff of flame misses the orc priest.
The orc priest hits you with a +1 heavy hand axe!
You die...

#.###.##........##.. #.#
#.###.#........† #.# #.#
#.#..#.)##.. ###.###.#
#.#..#...... #####.....<.#
#.#..#..##.. #.......#####
#.#......... #.###...#
#.#..##.#...
#.###...#######.#..##.#...
#.......o@†...............
######..########...........
#..............###########.
######.#######.............
#.# ############## ### #


You could see an orc priest.

Levels and vault maps discovered:
D:1:      psy_arrival_conway, layout_loops_ring, ebering_ecumenical_altar_rust
D:2:      layout_basic, serial_shops, shop, minmay_circle_x
D:3:      layout_rooms, grunt_temple_overflow_opulence, zin_statuary,
          lemuel_zombie_altar_yredelemnul, nicolae_wormholes

Notes
Turn   | Place    | Note
-------+----------+-------------------------------------------
     0 | D:1      | puppykicker the Formicid Cinder Acolyte began the quest for
                  | the Orb.
     0 | D:1      | Reached XP level 1. HP: 18/18 MP: 2/2
    28 | D:1      | Identified a -1 hand axe of flaming
    38 | D:1      | Identified a +0 ring mail
   116 | D:1      | Identified a +0 ring mail
   206 | D:1      | Identified a +0 club
   291 | D:1      | Reached XP level 2. HP: 24/24 MP: 3/3
   414 | D:1      | Identified 2 scrolls of teleportation
   416 | D:1      | Identified a scroll of enchant armour
   417 | D:1      | Identified a scroll of identify
   417 | D:1      | Identified a potion of invisibility
   624 | D:1      | Found a faded altar of an unknown god.
   724 | D:1      | Identified a potion of heal wounds
   725 | D:1      | Identified a scroll of enchant weapon
   750 | D:1      | Identified a +0 mace
   789 | D:1      | Learned a level 2 spell: Scorch
   912 | D:2      | Identified a +0 dagger
   920 | D:2      | Identified a +0 ring mail
  1104 | D:2      | Identified a +0 sling
  1279 | D:2      | Identified a +0 club
  1287 | D:2      | Reached skill level 4 in Axes
  1287 | D:2      | Reached XP level 3. HP: 29/29 MP: 4/4
  1413 | D:2      | Found Fonis's Antique Armour Emporium.
  1438 | D:2      | Identified a +0 dagger
  1638 | D:3      | Identified a +0 dagger
  1683 | D:3      | Identified a +0 spear
  1713 | D:3      | Found a sparkling altar of Nemelex Xobeh.
  1713 | D:3      | Found an opulent altar of Gozag.
  1713 | D:3      | Identified a +0 mace
  1713 | D:3      | Identified a +0 leather armour
  1713 | D:3      | Identified a +1 heavy hand axe
  1713 | D:3      | Identified a +0 leather armour
  1713 | D:3      | Identified a +0 hand axe
  1713 | D:3      | Identified a +0 dagger
  1713 | D:3      | Identified a +0 chain mail
  1715 | D:3      | HP: 7/29 [orc priest/divine providence (13)]
  1721 | D:3      | HP: 1/29 [orc priest/divine providence (7)]
  1726 | D:3      | Reached XP level 4. HP: 3/35 MP: 5/5
  1980 | D:2      | HP: 7/35 [orc priest/+1 heavy hand axe (8)]
  1981 | D:2      | Slain by an orc priest

Table legend: (Time is in decaauts)
 A = Elapsed time spent in this place.
 B = Non-inter-level travel time spent in this place.
 C = Inter-level travel time spent in this place.
 D = Time resting spent in this place.
 E = Time spent auto-exploring this place.
 F = Levels seen in this place.
 G = Mean time per level.
                   A        B        C        D        E       F      G
               +--------+--------+--------+--------+--------+-----+--------+
         Total |   1997 |   1863 |    134 |    244 |   1317 |   3 |  665.7 |
       Dungeon |   1997 |   1863 |    134 |    244 |   1317 |   3 |  665.7 |
               +--------+--------+--------+--------+--------+-----+--------+

Top non-repeatable levels by time:
     D:2: 1040 daAuts
     D:1: 842 daAuts
     D:3: 114 daAuts

Table legend:
 A = Kills in this place as a percentage of kills in the entire game.
 B = Kills by you in this place as a percentage of kills by you in the entire game.
 C = Kills by friends in this place as a percentage of kills by friends in the entire game.
 D = Other kills in this place as a percentage of other kills in the entire game.
 E = Experience gained in this place as a percentage of experience gained in the entire game.
 F = Experience gained in this place divided by the number of levels of this place that you have seen.
                   A       B       C       D       E      F
               +-------+-------+-------+-------+-------+----------------------
         Total | 100.0 | 100.0 |   N/A |   N/A | 100.0 |  33.0
       Dungeon | 100.0 | 100.0 |   N/A |   N/A | 100.0 |  33.0
               +-------+-------+-------+-------+-------+----------------------

Skill      XL: |  1  2 |
---------------+-------+-----
Axes           | 4 |  4.9
Fighting       | |  3.2
Spellcasting   | |  1.1
Fire Magic     | |  3.0

Action                     |  1- 3 |  4- 6 || total
---------------------------+-------+-------++-------
  Melee: Hand axe          |    73 |    26 ||    99
         Punch             |     1 |       ||     1
 Invoke: Foxfire Swarm     |     1 |       ||     1
  Evoke: Wand              |       |     1 ||     1
    Use: Scroll            |     5 |       ||     5
         Potion            |     1 |       ||     1
 Armour: Ring mail         |    50 |    17 ||    67
         Robe              |     2 |       ||     2
  Dodge: Dodged            |    42 |    14 ||    56

Vanquished Creatures
  An orc priest (D:3)
  2 ribbon worms (D:2)
  2 orcs (D:3)
  3 bats
  2 giant cockroaches (D:1)
  4 goblins
  3 hobgoblins
  3 jackals
  2 quokkas
  2 ball pythons (D:2)
  3 frilled lizards
  A kobold (D:1)
  3 rats (D:2)
31 creatures vanquished.

Vanquished Creatures (others)
  16 foxfires (D:3)
16 creatures vanquished.

Grand Total: 47 creatures vanquished
